 Dungeon Crawl Stone Soup version 0.28-a0-239-g68911e0c57 (webtiles) character file.

Game seed: 14002014532302320072

389 bande the Shield-Bearer (level 6, -4/38 HPs)
             Began as a Gargoyle Fighter on Aug 23, 2021.
             Was an Initiate of Okawaru.
             Killed from afar by Sigmund (12 damage)
             ... with a puff of flame
             ... on level 5 of the Dungeon.
             The game lasted 00:06:32 (4735 turns).

bande the Shield-Bearer (Gargoyle Fighter)          Turns: 4735, Time: 00:06:33

Health: -4/38      AC: 14    Str: 20    XL:     6   Next: 79%
Magic:  6/6        EV: 11    Int:  9    God:    Okawaru [......]
Gold:   117        SH:  0    Dex: 10    Spells: 5/5 levels left

rFire   . . .      SeeInvis .   g - +0 hand axe (freeze)
rCold   . . .      Faith    .   c - +1 kite shield
rNeg    + . .      Spirit   .   b - +0 scale mail
rPois   ∞          Reflect  .   k - +2 helmet
rElec   +          Harm     .   (no cloak)
rCorr   .          Rampage  .   (no gloves)
Will    .....                   (no boots)
Stlth   ..........              (no amulet)
HPRegen 0.12/turn               o - +4 ring of evasion
MPRegen 0.10/turn               (no ring)

@: confused, ambrosia-drunk
A: sickness immunity, AC +4, negative energy resistance 1, electricity
resistance, torment resistance 1, petrification resistance
a: Renounce Religion


You were on level 5 of the Dungeon.
You worshipped Okawaru.
Okawaru was noncommittal.
You visited 2 branches of the dungeon, and saw 6 of its levels.

You collected 117 gold pieces.

Inventory:

Hand Weapons
 a - a +0 war axe
 g - a +0 hand axe of freezing (weapon)
 m - a +0 flail
Armour
 b - a +0 scale mail (worn)
 c - a +1 kite shield (worn)
 k - a +2 helmet (worn)
Jewellery
 i - a ring of ice
 o - a +4 ring of evasion (left hand)
Wands
 l - a wand of iceblast (13)
 p - a wand of digging (3)
Scrolls
 e - a scroll of identify
 n - a scroll of teleportation
Potions
 d - 2 potions of might
 f - a potion of haste
 h - 2 potions of cancellation
 j - 3 potions of lignification
 q - a potion of ambrosia


   Skills:
 + Level 4.1 Fighting
 + Level 4.0 Axes
 + Level 4.2 Armour
 + Level 0.8 Dodging
 + Level 4.7 Shields
 * Level 1.7 Evocations


You had 5 spell levels left.
You didn't know any spells.
Your spell library contained the following spells:

 Spells                   Type           Power      Damage    Failure   Level
 Sting                    Tmut/Pois      0%         1d3       99%         1
 Poisonous Vapours        Pois/Air       0%         N/A       99%         2
 Wereblood                Tmut           0%         N/A       99%         2
 Gell's Gravitas          Tloc           0%         N/A       100%        3
 Lesser Beckoning         Tloc           0%         N/A       100%        3
 Teleport Other           Tloc           0%         N/A       100%        3
 Olgreb's Toxic Radiance  Pois           0%         N/A       100%        4
 Sublimation of Blood     Necr           Unusable   N/A       N/A         2
 Summon Hydra             Summ           Unusable   N/A       N/A         7

Dungeon Overview and Level Annotations

Branches:
Dungeon (5/15)             Temple (1/1) D:4

Altars:
Ashenzari
Cheibriados
Elyvilon
Gozag
Hepliaklqana
Kikubaaqudgha
Makhleb
Nemelex Xobeh
Okawaru
Qazlal
Ru
Trog
Uskayaw
Vehumet
Wu Jian
Xom
Zin

Annotations:
D:5 Sigmund


Innate Abilities, Weirdness & Mutations

You are immune to sickness and miasma.
Your stone body is resilient. (AC +4)
You are immune to poison.
You resist negative energy. (rN+)
You are resistant to electric shocks. (rElec)
You are resistant to unholy torment.
You are immune to petrification.


Message History

The phantom is heavily damaged.
You barely miss the ufetubus. You hit the adder. You freeze the adder.
The ufetubus closely misses you. The ufetubus barely misses you.
The phantom hits you. Something hits you. The adder barely misses you.
You block the ufetubus's attack. The ufetubus misses you. The phantom hits you.
You closely miss the phantom.
The phantom is heavily damaged.
You closely miss the adder. You closely miss the ufetubus.
The adder closely misses you. The ufetubus barely misses you.
The ufetubus closely misses you. Something hits you!
* * * LOW HITPOINT WARNING * * *
The adder barely misses you. The phantom completely misses you.
The ufetubus hits you but does no damage. x2
You hit the phantom.
The phantom is heavily damaged.
You hit the adder. You freeze the adder.
You kill the adder!
Okawaru accepts your kill.
You completely miss the ufetubus. The ufetubus barely misses you.
You block the ufetubus's attack.
The phantom hits you but does no damage.
Something hits you.
* * * LOW HITPOINT WARNING * * *
You block the ufetubus's attack. The ufetubus hits you.
* * * LOW HITPOINT WARNING * * *
You closely miss the phantom.
The phantom is heavily damaged.
You hit the ufetubus.
You kill the ufetubus!
Okawaru accepts your kill. The phantom closely misses you.
Something hits you but does no damage.
The phantom hits you but does no damage.
Your Axes skill increases to level 4!
You are confused.
You feel invigorated.
The phantom hits you but does no damage.
You hear some strange, mumbled words.
A puff of flame appears from out of thin air!
The puff of flame hits you!
You die...

#........#
#........#
##..#######
#..## #.##
#.#
#.#########
#..##.....##
##...@.....#
##.{.W.....#
#)........#
#...........
#.........##
#.........#
#.........#
#.........#


You could see a phantom.

Vanquished Creatures
  A water moccasin skeleton (D:4)
  A hound (D:4)
  A jelly (D:4)
  A centaur skeleton (D:4)
  2 orc wizards (D:4)
  A hound skeleton (D:4)
  Robin (D:3)
  6 adders
  A white imp (D:4)
  An ufetubus (D:5)
  3 worms
  A dart slug (D:2)
  12 orcs (D:4)
  7 endoplasms
  A giant cockroach (D:4)
  11 goblins
  8 hobgoblins
  7 jackals
  9 kobolds
  4 quokkas
  7 ball pythons
  4 bats
  2 frilled lizards
  7 rats
99 creatures vanquished.

Vanquished Creatures (others)
  7 plants (D:4)
7 creatures vanquished.

Grand Total: 106 creatures vanquished

Notes
Turn   | Place    | Note
-------+----------+-------------------------------------------
     0 | D:1      | bande the Gargoyle Fighter began the quest for the Orb.
     0 | D:1      | Reached XP level 1. HP: 14/14 MP: 1/1
   152 | D:1      | Reached XP level 2. HP: 18/19 MP: 2/2
   484 | D:1      | Reached XP level 3. HP: 23/23 MP: 3/3
   602 | D:1      | Found a faded altar of an unknown god.
  1559 | D:2      | Reached XP level 4. HP: 29/29 MP: 4/4
  2366 | D:3      | Noticed Robin
  2376 | D:3      | Killed Robin
  2610 | D:3      | Found a hide-covered altar of Uskayaw.
  2979 | D:3      | Reached XP level 5. HP: 33/33 MP: 5/5
  3177 | D:4      | Reached skill level 1 in Evocations
  3416 | D:4      | Reached XP level 6. HP: 33/38 MP: 6/6
  4078 | D:4      | Found a staircase to the Ecumenical Temple.
  4104 | Temple   | Entered the Ecumenical Temple
  4218 | Temple   | Became a worshipper of Warmaster Okawaru
  4704 | D:5      | Entered Level 5 of the Dungeon
  4720 | D:5      | Noticed Sigmund
  4732 | D:5      | HP: 1/38 [ufetubus (4)]
  4735 | D:5      | Killed from afar by Sigmund

Illustrated notes

Levels and vault maps discovered:
D:1:      onia_arrival_mini_spirals, layout_basic, ebering_ecumenical_altar_hall
D:2:      layout_basic, minmay_increasing_density
D:3:      layout_basic, mainiacjoe_overflow_alcove_4, serial_park_tiny_2,
          uniq_robin
D:4:      layout_basic, minmay_temple_entry_large_hall, serial_forest,
          infiniplex_forest_join, infiniplex_forest_straight_2,
          infiniplex_forest_lined_room_2, infiniplex_forest_join,
          infiniplex_forest_lined_3, infiniplex_forest_straight_2,
          infiniplex_forest_end_2, infiniplex_forest_clump_cross
D:5:      layout_rooms, nicolae_ossuary_entry_giza, kennysheep_doodads,
          uniq_duvessa, uniq_sigmund
Temple:   regret_index_temple_sphere_string

Skill      XL: |  1  2  3  4  5  6 |
---------------+-------------------+-----
Axes           | 2 3 4 |  4.0
Shields        | 4 |  4.7
Armour         | 4 |  4.2
Evocations     | 1 |  1.7
Fighting       | 4 |  4.1
Dodging        | |  0.8

Action                   |  1- 3 |  4- 6 || total
-------------------------+-------+-------++-------
Melee: War axe           |    25 |       ||    25
       Hand axe          |    91 |   216 ||   307
  Use: Scroll            |     5 |     7 ||    12
       Potion            |       |     2 ||     2
Armor: Scale mail        |    52 |   111 ||   163
Dodge: Dodged            |    34 |   100 ||   134
Block: Kite shield       |    40 |   112 ||   152

Table legend: (Time is in decaauts)
 A = Elapsed time spent in this place.
 B = Non-inter-level travel time spent in this place.
 C = Inter-level travel time spent in this place.
 D = Time resting spent in this place.
 E = Time spent auto-exploring this place.
 F = Levels seen in this place.
 G = Mean time per level.
                   A        B        C        D        E       F      G
               +--------+--------+--------+--------+--------+-----+--------+
         Total |   4865 |   4832 |     33 |    169 |   3688 |   6 |  810.8 |
       Dungeon |   4728 |   4713 |     15 |    169 |   3591 |   5 |  945.6 |
        Temple |    136 |    118 |     18 |      0 |     97 |   1 |  136.0 |
               +--------+--------+--------+--------+--------+-----+--------+

Top non-repeatable levels by time:
     D:4: 1530 daAuts
     D:2: 1382 daAuts
     D:3: 954 daAuts
     D:1: 825 daAuts
  Temple: 136 daAuts
     D:5: 34 daAuts
